 Dungeon Crawl Stone Soup version 0.29.1-14-g9c671dbff4 (webtiles) character file.

Game seed: 15368050997639597904

418 tizbic2 the Shooter (level 6, -1/48 HPs)
             Began as a Demonspawn Hunter on Feb 15, 2023.
             Slain by a gnoll bouda
             ... wielding a +0 whip
              (5 damage)
             ... on level 4 of the Dungeon.
             The game lasted 00:13:01 (3821 turns).

tizbic2 the Shooter (Demonspawn Hunter)             Turns: 3821, Time: 00:13:02

Health: -1/48      AC:  7    Str: 18    XL:     6   Next: 61%
Magic:  9/9        EV: 11    Int: 16    God:
Gold:   193        SH:  4    Dex: 18    Spells: 6/9 levels left

rFire   . . .      SeeInvis +   t - +0 dagger (speed)
rCold   . . .      Faith    .   k - +0 buckler
rNeg    . . .      Spirit   .   i - +1 ring mail
rPois   .          Reflect  .   u - +0 helmet of Makhleb's Castigation {Int+6}
rElec   .          Harm     .   (no cloak)
rCorr   .          Rampage  .   (no gloves)
Will    .....                   (no boots)
Stlth   +.........              (no amulet)
HPRegen 0.16/turn               e - +6 ring of strength
MPRegen 0.22/turn               c - ring of see invisible

@: weakened
A: claws 1, powered by pain 1, magic regeneration
a: no special abilities


You were on level 4 of the Dungeon.
You visited 1 branch of the dungeon, and saw 4 of its levels.

You collected 193 gold pieces.

Inventory:

Hand Weapons
 a - a +0 shortbow
 l - a +0 long sword
 q - a +0 falchion
 t - a +0 dagger of speed (weapon)
 w - a +0 sling
Missiles
 f - 11 poisoned darts
Armour
 i - a +1 ring mail (worn)
 k - a +0 buckler (worn)
 m - a +0 chain mail
 u - the +0 helmet of Makhleb's Castigation (worn) {Int+6}
   (You found it on level 3 of the Dungeon)

   Int:       It affects your intelligence (+6).
Jewellery
 c - a ring of see invisible (right claw)
 e - a +6 ring of strength (left claw)
Wands
 o - a wand of roots (6)
Scrolls
 b - 2 scrolls of immolation
 d - 2 scrolls of teleportation
 h - 2 scrolls of identify
 s - 2 scrolls of vulnerability
Potions
 g - 2 potions of mutation
 j - 2 potions of resistance
 p - a potion of attraction
 v - a potion of brilliance {unknown}


   Skills:
 + Level 3.7 Fighting
 * Level 5.5 Ranged Weapons
 - Level 1.7 Dodging
 - Level 0.8 Stealth
 + Level 0.4 Shields
 + Level 2.0 Spellcasting
 + Level 2.7 Summonings


You had 6 spell levels left.
You knew the following spells:

 Your Spells              Type           Power      Damage    Failure   Level
a - Call Canine Familiar  Summ           10%        N/A       45%         3

Your spell library contained the following spells:

 Spells                   Type           Power      Damage    Failure   Level
 Portal Projectile        Hex/Tloc       2%         N/A       83%         3
 Leda's Liquefaction      Hex/Erth       0%         N/A       99%         4


Dungeon Overview and Level Annotations

Branches:
Dungeon (4/15)
 Temple: D:4-7

Altars:
Hepliaklqana

Shops:
D:2 *


Innate Abilities, Weirdness & Mutations

You have sharp fingernails.
You sometimes gain a little power by taking damage.
You regenerate magic rapidly.


Message History

Your claws tingle!
t - a +0 dagger of speed (weapon)
The gnoll bouda hits you with a +0 whip!
* * * LOW HITPOINT WARNING * * *
You hit the gnoll bouda but do no damage.
The gnoll bouda is moderately wounded.
The gnoll barely misses you. The gnoll hits you but does no damage.
You hit the gnoll bouda but do no damage.
The gnoll bouda is moderately wounded.
The gnoll bouda hits you with a +0 whip.
* * * LOW HITPOINT WARNING * * *
The gnoll hits you but does no damage. x2
You feel much better.
The gnoll is no longer moving quickly.
The gnoll bouda hits you with a +0 whip.
The gnoll barely misses you. The gnoll hits you with a +0 whip.
You barely miss the gnoll bouda.
The gnoll bouda is moderately wounded.
You block the gnoll bouda's attack. The gnoll hits you but does no damage.
You hit the gnoll bouda but do no damage.
The gnoll bouda is moderately wounded.
The gnoll hits you with a +0 whip.
You barely miss the gnoll bouda.
The gnoll bouda is moderately wounded.
The gnoll is no longer moving quickly.
The gnoll bouda closely misses you. The gnoll hits you with a +0 whip. x2
* * * LOW HITPOINT WARNING * * *
You barely miss the gnoll bouda.
The gnoll bouda is moderately wounded.
The gnoll bouda gazes fiercely through you!
You feel your attacks grow feeble.
The gnoll bouda hits you with a +0 whip!
* * * LOW HITPOINT WARNING * * *
The gnoll closely misses you.
You hit the gnoll bouda but do no damage.
The gnoll bouda is moderately wounded.
You block the gnoll's attack.
The gnoll bouda gazes fiercely through you!
You feel as though you will be weak longer.
The gnoll bouda hits you with a +0 whip.
You die...

.##..## ....
#'####....
......# ...!
#...##8...
......# .....
#...# #8#
......# .....
#...### #
......#
......#.....#
......#
......#.....#
......#
......')....#
......#
......#gg...#
..##### #....
#@g#### ..#
#... #..# ..#
... ..... ..#
.. .=......
..# .
...........
..#
.|..........
###
#############


You could see a gnoll bouda and 2 gnolls.

Vanquished Creatures
  Sigmund (D:3)
  A scorpion (D:4)
  Jessica (D:3)
  Terence (D:3)
  5 gnolls
  3 adders (D:2)
  A dart slug (D:3)
  A worm (D:3)
  An orc (D:3)
  5 ball pythons
  4 bats
  6 endoplasms
  2 giant cockroaches
  8 goblins
  7 hobgoblins
  2 jackals (D:3)
  6 kobolds
  2 quokkas
  5 frilled lizards
  3 rats
65 creatures vanquished.

Notes
Turn   | Place    | Note
-------+----------+-------------------------------------------
     0 | D:1      | tizbic2 the Demonspawn Hunter began the quest for the Orb.
     0 | D:1      | Reached XP level 1. HP: 16/16 MP: 1/1
   813 | D:2      | Gained mutation: You sometimes gain a little power by
                  | taking damage. [demonic ancestry]
   813 | D:2      | Reached XP level 2. HP: 22/22 MP: 2/2
   817 | D:2      | Reached skill level 4 in Ranged Weapons
   840 | D:2      | Reached XP level 3. HP: 28/28 MP: 3/3
   917 | D:2      | Reached skill level 1 in Summonings
  1498 | D:2      | Found Miosaal's General Store.
  1923 | D:3      | Gained mutation: You regenerate magic rapidly. [demonic
                  | ancestry]
  1923 | D:3      | Reached XP level 4. HP: 19/34 MP: 4/4
  2077 | D:3      | Learned a level 3 spell: Call Canine Familiar
  2087 | D:3      | Noticed Terence
  2097 | D:3      | Killed Terence
  2430 | D:3      | Noticed Jessica
  2435 | D:3      | Killed Jessica
  2551 | D:3      | Identified the +0 helmet of Makhleb's Castigation {Int+6}
  2562 | D:3      | Reached XP level 5. HP: 29/41 MP: 6/6
  2744 | D:3      | Found a faded altar of an unknown god.
  2746 | D:3      | Noticed Sigmund
  2753 | D:3      | Killed Sigmund
  2754 | D:3      | Reached skill level 5 in Ranged Weapons
  2754 | D:3      | Reached skill level 1 in Spellcasting
  2754 | D:3      | Gained mutation: You have sharp fingernails. [demonic
                  | ancestry]
  2754 | D:3      | Reached XP level 6. HP: 44/47 MP: 6/8
  3162 | D:4      | Found a hazy altar of Hepliaklqana.
  3821 | D:4      | Slain by a gnoll bouda

Illustrated notes

Levels and vault maps discovered:
D:1:      eino_arrival_druids_welcome, layout_rooms, serial_co_window_serial,
          co_window_corner_a, co_window_corner_a, co_window_paths_a,
          co_window_of_opportunity_a, co_window_corner_a, co_window_paths_a,
          co_window_paths_b, co_window_corner_cb, co_window_corner_ca,
          co_window_corner_b, co_window_paths_e, glass_columns_a,
          serial_bayou_pond_e
D:2:      minmay_wonky_spiral, layout_loops_cross, serial_shops,
          nicolae_shop_waterfront, minmay_pentomino_t2
D:3:      layout_loops_corners, chequers_ecumenical_altar_simple, uniq_terence,
          uniq_jessica, uniq_sigmund
D:4:      layout_gridville, nzn_hepliaklqana_mist_gate,
          nicolae_overflow_hidden_temple

Skill      XL: |  1  2  3  4  5  6 |
---------------+-------------------+-----
Ranged Weapons | 4 5 |  5.5
Summonings     | 1 2 |  2.7
Fighting       | 3 |  3.7
Spellcasting   | 1 2 |  2.0
Dodging        | |  1.7
Stealth        | |  0.8
Shields        | |  0.4

Action                   |  1- 3 |  4- 6 || total
-------------------------+-------+-------++-------
Melee: Dagger            |       |    41 ||    41
 Fire: Shortbow          |    85 |    66 ||   151
       Sling             |       |    41 ||    41
  Use: Scroll            |     3 |     7 ||    10
       Potion            |       |     2 ||     2
Armor: Ring mail         |    11 |    37 ||    48
Dodge: Dodged            |    30 |    57 ||    87
Block: Buckler           |       |    11 ||    11
